 Dungeon Crawl Stone Soup version 0.28.0-49-g6dfe1f597d (console) character file.

Game seed: 9547407193157981852

3710 Faeu the Cleaver (level 9, 0/83 HPs)
             Began as a Minotaur Berserker on May 14, 2022.
             Was a Priest of Trog.
             Slain by a warg (12 damage)
             ... on level 8 of the Dungeon.
             The game lasted 00:17:06 (7486 turns).

Faeu the Cleaver (Minotaur Berserker)               Turns: 7486, Time: 00:17:06

Health: 0/83       AC: 17    Str: 25    XL:     9   Next: 91%
Magic:  8/8        EV: 12    Int:  4    God:    Trog [***...]
Gold:   327        SH: 10    Dex: 11    Spells: 8/8 levels left

rFire   + + .      SeeInvis .   r - +3 flail (protect) {mace}
rCold   . . .      Faith    .   D - +0 buckler
rNeg    . . .      Spirit   .   O - +4 scale mail {rF+}
rPois   .          Reflect  +   (helmet restricted)
rElec   .          Harm     .   (no cloak)
rCorr   .          Rampage  .   C - +0 pair of gloves
Will    .....                   (no boots)
Stlth   ..........              j - amulet of reflection
HPRegen 0.23/turn               H - +4 ring of protection
MPRegen 0.11/turn               A - ring of protection from fire

@: on berserk cooldown, slowed, very slow
A: horns 2, retaliatory headbutt
a: Renounce Religion, Berserk, Trog's Hand


You were on level 8 of the Dungeon.
You worshipped Trog.
Trog was most pleased with you.
You visited 1 branch of the dungeon, and saw 10 of its levels.
You also visited: Ossuary.

You collected 327 gold pieces.


Innate Abilities, Weirdness & Mutations

You have a pair of horns on your head.
You reflexively headbutt those who attack you in melee.


   Skills:
 + Level 9.3 Fighting
 + Level 9.4 Axes
 + Level 8.9 Armour
 - Level 6.6 Dodging
 + Level 4.6 Shields


You had 8 spell levels left.
You didn't know any spells.
Your spell library contained the following spells:

 Spells                   Type           Power      Damage    Failure   Level
 Magic Dart               Conj           0%         1d3       83%         1
 Searing Ray              Conj           0%         2d4       93%         2
 Ozocubu's Armour         Ice            0%         N/A       99%         3
 Summon Guardian Golem    Hex/Summ       0%         N/A       99%         3
 Fulminant Prism          Conj/Hex       0%         3d6       100%        4
 Orb of Destruction       Conj           0%         9d5       100%        7
 Ozocubu's Refrigeration  Ice            0%         4d5       100%        7
 Spellforged Servitor     Conj/Summ      0%         N/A       100%        7

Inventory:

Hand Weapons
 a - a +0 hand axe {axe}
 h - a +2 dagger of venom {short}
   (You took it off a kobold on level 1 of the Dungeon)
 i - a +3 short sword {short}
   (You took it off a kobold on level 2 of the Dungeon)
 q - a +3 dagger of draining {short}
   (You found it on level 4 of the Dungeon)
 r - a +3 flail of protection (weapon) {mace}
   (You took it off Edmund on level 4 of the Dungeon)
 U - a +2 war axe of freezing {axe}
   (You took it off a wight on level 8 of the Dungeon)
Missiles
 G - 57 stones (quivered) {throwing}
Armour
 b - a +0 animal skin
 C - a +0 pair of gloves (worn)
   (You found it on level 4 of the Dungeon)
 D - a +0 buckler (worn)
   (You found it on level 3 of the Dungeon)
 E - a +0 ring mail
   (You found it on level 4 of the Dungeon)
 F - a +0 scale mail
   (You found it on level 1 of the Dungeon)
 O - a +4 scale mail of fire resistance (worn)
   (You took it off Duvessa on level 5 of the Dungeon)
 T - a +0 hat
   (You found it on level 7 of the Dungeon)
Jewellery
 j - an amulet of reflection (around neck)
   (You found it on level 2 of the Dungeon)
 A - a ring of protection from fire (right hand)
   (You took it off a hobgoblin on level 4 of the Dungeon)
 H - a +4 ring of protection (left hand)
   (You found it on level 5 of the Dungeon)
 I - a ring of ice
   (You found it on level 5 of the Dungeon)
 P - a ring of protection from cold
   (You found it on level 5 of the Dungeon)
 S - a ring of magical power
   (You found it on level 6 of the Dungeon)
Wands
 n - a wand of acid (6)
   (You found it on level 3 of the Dungeon)
 B - a wand of paralysis (9)
   (You found it on level 4 of the Dungeon)
 R - a wand of charming (4)
   (You found it on level 6 of the Dungeon)
Scrolls
 e - 7 scrolls of identify {@r1}
 k - 4 scrolls of vulnerability {!r!r}
 l - a scroll of enchant armour
 s - 4 scrolls of magic mapping {unknown}
 t - a scroll of brand weapon {unknown}
 u - a scroll of amnesia {unknown}
 w - a scroll of noise {unknown}
 y - 4 scrolls of immolation {unknown}
 K - a scroll of summoning {unknown}
 M - 2 scrolls of teleportation {unknown}
 Q - a scroll of torment {unknown}
Potions
 c - a potion of invisibility {unknown}
 d - a potion of lignification {unknown}
 f - a potion of heal wounds {unknown}
 g - 7 potions of attraction {unknown}
 m - a potion of haste {unknown}
 o - 4 potions of curing {unknown}
 p - 3 potions of might {unknown}
 v - 4 potions of magic {unknown}
 x - a potion of degeneration {unknown}
 z - 2 potions of mutation {unknown}
 J - a potion of ambrosia {unknown}
 L - a potion of experience {unknown}
 N - a potion of resistance {unknown}

Dungeon Overview and Level Annotations

Branches:
Dungeon (10/15)              Lair (0/6) D:8         Ossuary (visited)
 Temple: D:4-7          Orc: D:9-12

Altars:

Shops:
D:5

* . #. #.. ...
..#.. #....##### #
#<.)).# #$######[#
....## #.#
......##.#########
...Po..#oh@.......
.....(..o#########
.>.......#
....P....#
......!#.#
......##.. ....##
#... ..## .... .#
.....


You could see a warg, an orc priest and an orc.


Message History

You take 8 damage, and now have 61/124 hp.
You feel sick.
You are no longer poisoned.
The orc priest hits you but does no damage.
You are poisoned.
You hear some strange, mumbled words.
You are confused.
Items here: ) [ ††. 😨 HP[-1]
You take 1 damage, and now have 60/124 hp.
You closely miss the orc priest. Your headbutt misses the orc priest.
You feel sick.
The orc priest hits you from afar with a +0 trident.
* * * LOW HITPOINT WARNING * * *
😨 HP[-4]
You take 4 damage, and now have 56/124 hp.
You bludgeon the orc priest!!
Your weapon exudes an aura of protection.
You feel the power of Trog in you as your rage grows.
You kill the orc priest!
Trog accepts your kill.
You feel sick.
Something hits you but does no damage. 😨 HP[-1]
You take 1 damage, and now have 55/124 hp.
You bump into the rock wall.
You feel sick. The warg bites you but does no damage.
The orc priest barely misses you.
You hear some strange, mumbled words.
You are more confused. 😨 HP[-1]
You take 1 damage, and now have 54/124 hp.
You closely miss the warg. Your headbutt misses the warg.
You feel sick. The warg bites you but does no damage.
The orc priest barely misses you.
Something hits you but does no damage. 😨 HP[-1]
You take 1 damage, and now have 53/124 hp.
You miss the warg.
You feel sick. The warg bites you but does no damage.
The orc priest hits you from afar with a +0 trident.
* * * LOW HITPOINT WARNING * * *
You hear some strange, mumbled words.
Something tries to affect you, but you resist. 😨 HP[-5]
You take 5 damage, and now have 48/124 hp.
You sock the warg!
Your weapon exudes an aura of protection.
You feel sick. The warg bites you but does no damage.
The orc priest hits you but does no damage. 😨 HP[-1]
You take 1 damage, and now have 47/124 hp.
You miss something.
You feel sick. The warg bites you.
* * * LOW HITPOINT WARNING * * *
Something hits you.
* * * LOW HITPOINT WARNING * * *
😨 HP[-5]
You take 5 damage, and now have 42/124 hp.
You bump into the rock wall.
The warg bites you.
* * * LOW HITPOINT WARNING * * *
The orc priest misses you.
You hear some strange, mumbled words.
A puff of flame appears from out of thin air!
The puff of flame hits you but does no damage. 😨 HP[-3]
You take 3 damage, and now have 39/124 hp.
You closely miss something. Your headbutt misses something.
You feel sick. The warg closely misses you.
The orc priest closely misses you. 😨 HP[-1]
You take 1 damage, and now have 38/124 hp.
You sock something!
You feel the power of Trog in you as your rage grows.
Trog accepts your kill.
Trog appreciates your killing of a magic user.
Reactivating autopickup.
You feel a bit more experienced.
You feel sick.
You are no longer poisoned.
The warg misses you.
You miss the orc. The orc priest closely misses you.
The warg bites you but does no damage.
You sock the orc!
You kill the orc!
Trog accepts your kill. The warg completely misses you.
The orc priest casts a cantrip, but nothing happens.
You hit the warg. The warg bites you but does no damage.
The orc priest barely misses you. The orc barely misses you.
You are no longer berserk.
You are exhausted.
You feel yourself slow down.
The orc priest calls down the wrath of Beogh upon you.
Beogh smites you!
* * * LOW HITPOINT WARNING * * *
😱 HP[-26]
You now have 83 max hp (-41).
You barely miss the warg. Your headbutt misses the warg.
You feel less confused. You block the warg's attack.
The warg bites you but does no damage.
You barely miss the warg. You headbutt the warg. You block the warg's attack.
The orc priest hits you but does no damage.
The warg barely misses you. You furiously retaliate!
You headbutt the warg!
The orc priest looks braver for a moment.
The warg bites you!
You die...

Skill      XL: |  1  2  3  4  5  6  7  8  9 |
---------------+----------------------------+-----
Fighting       | 4 5 6 8 9 |  9.3
Axes           | 4 5 6 8 9 |  9.4
Armour         | 3 4 5 6 7 8 |  8.9
Dodging        | 3 4 5 6 |  6.6
Shields        | 1 4 |  4.6

Action                   |  1- 3 |  4- 6 |  7- 9 || total
-------------------------+-------+-------+-------++-------
Melee: Hand axe          |    86 |     7 |       ||    93
       Headbutt          |    13 |     4 |    63 ||    80
       Flail             |       |    15 |   313 ||   328
       Punch             |       |     1 |     4 ||     5
       War axe           |       |       |    10 ||    10
Throw: Stone             |       |       |    13 ||    13
Invok: Berserk           |     2 |     1 |     5 ||     8
  Use: Scroll            |     2 |       |       ||     2
 Stab: Sleeping          |       |       |     1 ||     1
Armor: Animal skin       |    14 |     9 |    25 ||    48
       Scale mail        |       |       |   105 ||   105
       Skin              |       |       |     3 ||     3
Dodge: Dodged            |    60 |    27 |   183 ||   270
Block: Other             |       |     2 |    28 ||    30
       Buckler           |       |       |   112 ||   112
       Reflection        |       |       |     3 ||     3

Levels and vault maps discovered:
D:1:      lemuel_arrival_behind_the_door_small, layout_basic, serial_rivers,
          chequers_serial_rivers_room_b, chequers_serial_rivers_micro_c,
          chequers_serial_rivers_micro_b, chequers_serial_rivers_small_3,
          chequers_serial_rivers_micro_e
D:2:      layout_rooms, serial_rivers, chequers_serial_rivers_micro_d,
          chequers_serial_rivers_micro_e, chequers_serial_rivers_micro_e,
          chequers_serial_rivers_large_b
D:3:      layout_basic, hellmonk_ghost_happy_afterlife
D:4:      layout_basic, nicolae_ossuary_entry_monument, uniq_blork_the_orc,
          uniq_edmund
D:5:      layout_rooms, serial_shops, nicolae_stop_n_shop_2,
          minmay_misc_feat_chi, grunt_decor_cap, uniq_duvessa
D:6:      layout_gridville, hex_medium
D:7:      layout_loops_corners, minmay_temple_entry_wispy, uniq_harold,
          uniq_menkaure
D:8:      layout_loops_ring, nicolae_elyvilon_temple_path,
          erik_lair_orcish_takeover
D:9:      layout_basic, ebering_ghost_xom
D:10:     layout_roguey, zombieorc1_lemuel, serial_shops, shop

Notes
Turn   | Place    | Note
-------+----------+-------------------------------------------
     0 | D:1      | Faeu the Minotaur Berserker began the quest for the Orb.
     0 | D:1      | Reached XP level 1. HP: 19/19 MP: 0/0
     0 | D:1      | magus.rc [v1.9.6]
   165 | D:1      | You pick up a book of Conjurations {forbidden@e2} and begin
                  | reading...
   165 | D:1      | You add the spells Magic Dart, Searing Ray and Fulminant
                  | Prism to your library.
   384 | D:1      | Reached XP level 2. HP: 26/27 MP: 1/1
   666 | D:1      | Reached skill level 4 in Fighting
   666 | D:1      | Reached skill level 4 in Axes
   737 | D:1      | Reached skill level 3 in Armour
   737 | D:1      | Reached XP level 3. HP: 33/33 MP: 2/2
  1598 | D:3      | Found a runed translucent door.
  1598 | D:3      | Noticed Hodglim's ghost (weakling SpAM)
  1793 | D:3      | You add the spells Ozocubu's Armour and Ozocubu's
                  | Refrigeration to your library.
  2336 | D:4      | Noticed Blork the orc
  2384 | D:4      | Noticed Edmund
  2396 | D:4      | Killed Edmund
  2397 | D:4      | Reached skill level 3 in Dodging
  2397 | D:4      | Reached XP level 4. HP: 23/41 MP: 3/3
  2397 | D:4      | Reached XP level 5. HP: 27/47 MP: 4/4
  2595 | D:4      | Found a sand-covered staircase.
  2600 | D:4      | Reached skill level 5 in Fighting
  2600 | D:4      | Reached skill level 5 in Axes
  2600 | D:4      | Reached skill level 4 in Armour
  2605 | D:4      | Killed Blork the orc
  2605 | D:4      | Reached ** piety under Trog
  2606 | D:4      | Reached skill level 4 in Dodging
  2606 | D:4      | Reached XP level 6. HP: 46/56 MP: 5/5
  2609 | Ossuary  | Entered an ossuary
  2794 | Ossuary  | Reached skill level 5 in Armour
  2951 | Ossuary  | Reached XP level 7. HP: 62/62 MP: 6/6
  2977 | Ossuary  | Reached skill level 6 in Axes
  2986 | Ossuary  | Reached skill level 6 in Fighting
  3130 | Ossuary  | Reached skill level 5 in Dodging
  3317 | Ossuary  | Reached skill level 6 in Armour
  3317 | Ossuary  | Reached XP level 8. HP: 61/71 MP: 7/7
  3826 | D:4      | Reached skill level 7 in Fighting
  3826 | D:4      | Reached skill level 7 in Axes
  3970 | D:4      | Reached *** piety under Trog
  4346 | D:3      | Killed Hodglim's ghost
  4462 | D:5      | Entered Level 5 of the Dungeon
  4805 | D:5      | Found Sacual's General Store.
  5111 | D:5      | Reached skill level 6 in Dodging
  5402 | D:5      | Noticed Dowan
  5403 | D:5      | Noticed Duvessa
  5526 | D:5      | Killed Dowan
  5527 | D:5      | Reached skill level 7 in Armour
  5629 | D:5      | Killed Duvessa
  6157 | D:6      | You pick up a book of Dangerous Friends {forbidden} and
                  | begin reading...
  6157 | D:6      | You add the spells Summon Guardian Golem, Orb of
                  | Destruction and Spellforged Servitor to your library.
  6217 | D:6      | Reached skill level 8 in Fighting
  6217 | D:6      | Reached skill level 8 in Axes
  6217 | D:6      | Reached skill level 1 in Shields
  6217 | D:6      | Reached XP level 9. HP: 81/81 MP: 8/8
  6434 | D:6      | Reached skill level 2 in Shields
  6588 | D:6      | Reached skill level 8 in Armour
  6637 | D:6      | Reached skill level 3 in Shields
  6955 | D:7      | You fall into a shaft and drop 3 floors!
  6955 | D:10     | Entered Level 10 of the Dungeon
  7029 | D:10     | Noticed a two-headed ogre
  7157 | D:9      | Reached skill level 9 in Axes
  7159 | D:9      | Reached skill level 9 in Fighting
  7160 | D:9      | Reached skill level 4 in Shields
  7451 | D:8      | Found a staircase to the Lair.
  7484 | D:8      | HP: 12/83 [orc priest/divine providence (14)]
  7486 | D:8      | Slain by a warg

Vanquished Creatures
  A warg (D:8)
  Edmund (D:4)
  2 water moccasins (D:6)
  Duvessa (D:5)
  A black bear (D:6)
  An ice beast (D:7)
  2 orc warriors
  4 ogres
  A centaur (D:6)
  Blork the orc (D:4)
  12 scorpions
  3 water moccasin zombies
  A water moccasin skeleton (D:6)
  Dowan (D:5)
  4 killer bees (D:9)
  6 wights
  3 howler monkeys (D:7)
  4 centaur zombies (Ossuary)
  A bullfrog zombie (D:5)
  3 human zombies (Ossuary)
  The ghost of Hodglim the Vexing, a weakling SpAM (D:3)
  A hound (D:5)
  An orc priest (D:8)
  A centaur skeleton (D:6)
  A bullfrog skeleton (D:5)
  2 jellies
  3 scorpion zombies (Ossuary)
  An iguana (D:5)
  An orc wizard (D:8)
  A hound skeleton (D:4)
  3 mummies (Ossuary)
  A howler monkey skeleton (D:5)
  6 adders
  A gnoll (D:1)
  A white imp (D:6)
  An ufetubus (D:6)
  3 dart slugs
  10 orcs
  5 bats
  6 endoplasms
  3 giant cockroaches
  A gnoll zombie (Ossuary)
  7 goblins
  4 hobgoblins
  2 quokkas
  5 ball pythons
  3 frilled lizards
  A goblin zombie (Ossuary)
  3 hobgoblin zombies (Ossuary)
  8 kobolds
  3 kobold zombies (Ossuary)
  An orc zombie (Ossuary)
  5 rats
149 creatures vanquished.

Table legend:
 A = Non-vault XP
 B = Vault XP
 C = Vault XP percentage of total XP
 D = Non-vault monster count
 E = Vault monster count
 F = Vault count percentage of total count
                 A         B        C        D         E       F
            +---------+---------+-------+---------+---------+-------
      Total |    3334 |    1967 |  37.1 |     110 |      39 |  26.2
            +---------+---------+-------+---------+---------+-------
        D:1 |      45 |       0 |   0.0 |      19 |       0 |   0.0
        D:2 |      42 |       0 |   0.0 |      14 |       0 |   0.0
        D:3 |       9 |      45 |  83.3 |       6 |       1 |  14.3
        D:4 |     500 |     253 |  33.6 |      24 |       2 |   7.7
        D:5 |     394 |     220 |  35.8 |      13 |       2 |  13.3
        D:6 |    1265 |       0 |   0.0 |      18 |       0 |   0.0
        D:7 |     469 |       0 |   0.0 |       6 |       0 |   0.0
        D:8 |     301 |     384 |  56.1 |       5 |       5 |  50.0
        D:9 |     309 |       0 |   0.0 |       5 |       0 |   0.0
    Ossuary |       0 |    1065 | 100.0 |       0 |      29 | 100.0
            +---------+---------+-------+---------+---------+-------

Illustrated notes

Table legend:
 A = Kills in this place as a percentage of kills in entire the game.
 B = Kills by you in this place as a percentage of kills by you in the entire game.
 C = Kills by friends in this place as a percentage of kills by friends in the entire game.
 D = Other kills in this place as a percentage of other kills in the entire game.
 E = Experience gained in this place as a percentage of experience gained in the entire game.
 F = Experience gained in this place divided by the number of levels of this place that you have seen.
                   A       B       C       D       E      F
               +-------+-------+-------+-------+-------+----------------------
         Total | 100.0 | 100.0 |   N/A |   N/A | 100.0 | 481.9
       Dungeon |  80.5 |  80.5 |   N/A |   N/A |  79.9 | 423.6
       Ossuary |  19.5 |  19.5 |   N/A |   N/A |  20.1 | 1065.0
               +-------+-------+-------+-------+-------+----------------------

Table legend: (Time is in decaauts)
 A = Elapsed time spent in this place.
 B = Non-inter-level travel time spent in this place.
 C = Inter-level travel time spent in this place.
 D = Time resting spent in this place.
 E = Time spent auto-exploring this place.
 F = Levels seen in this place.
 G = Mean time per level.
                   A        B        C        D        E       F      G
               +--------+--------+--------+--------+--------+-----+--------+
         Total |   7677 |   6978 |    699 |   1329 |   4199 |  11 |  697.9 |
       Dungeon |   6581 |   5882 |    699 |    761 |   3900 |  10 |  658.1 |
       Ossuary |   1096 |   1096 |      0 |    568 |    299 |   1 | 1096.0 |
               +--------+--------+--------+--------+--------+-----+--------+

Top non-repeatable levels by time:
     D:4: 1421 daAuts
     D:1: 1232 daAuts
 Ossuary: 1096 daAuts
     D:3: 973 daAuts
     D:5: 956 daAuts
     D:6: 805 daAuts
     D:2: 509 daAuts
     D:8: 232 daAuts
     D:9: 201 daAuts
     D:7: 133 daAuts
    D:10: 116 daAuts
